 Dungeon Crawl Stone Soup version 0.29-a0-911-g88e6f02907 (webtiles) character file.

Game seed: 3107070571053959430

71 zeratav the Stinger (level 4, 0/27 HPs)
             Began as an Octopode Venom Mage on July 26, 2022.
             Slain by a hound (1 damage)
             ... on level 3 of the Dungeon.
             The game lasted 00:02:43 (2160 turns).

zeratav the Stinger (Octopode Venom Mage)           Turns: 2160, Time: 00:02:43

Health: 0/27       AC:  1    Str:  7    XL:     4   Next: 24%
Magic:  7/7        EV: 13    Int: 19    God:
Gold:   116        SH:  0    Dex: 12    Spells: 4/7 levels left

rFire   . . .      SeeInvis .   c - +0 dagger {short}
rCold   . . .      Faith    .   (no shield)
rNeg    . . .      Spirit   .   (helmet restricted)
rPois   .          Reflect  .   (no amulet)
rElec   .          Harm     .   (no ring)
rCorr   .          Rampage  .   (no ring)
Will    .....                   (no ring)
Stlth   ++++......              (no ring)
HPRegen 0.09/turn               (no ring)
MPRegen 0.10/turn               (no ring)
                                (no ring)
                                (no ring)

@: no status effects
A: almost no armour, amphibious, 8 rings, camouflage 1, gelatinous body 1,
(nimble swimmer 1), tentacles
a: no special abilities


You were on level 3 of the Dungeon.
You visited 1 branch of the dungeon, and saw 3 of its levels.

You collected 116 gold pieces.


Innate Abilities, Weirdness & Mutations

You cannot wear most types of armour.
You are amphibious.
You can wear up to eight rings at the same time.
Your skin changes colour to match your surroundings (Stealth+).
Your rubbery body absorbs attacks. (AC +1, EV +1)
((You are camouflaged when in or above water. (Stealth+)))
You have tentacles for arms and can constrict up to eight enemies at once.


   Skills:
 - Level 2.0 Dodging
 + Level 4.7 Stealth
 - Level 2.0 Spellcasting
 - Level 1.0 Transmutations
 + Level 5.0 Poison Magic


You had 4 spell levels left.
You knew the following spells:

 Your Spells              Type           Power      Damage    Failure   Level
a - Sting                 Tmut/Pois      52%        1d5       4%          1
b - Poisonous Vapours     Pois/Air       22%        N/A       9%          2

Your spell library contained the following spells:

 Spells                   Type           Power      Damage    Failure   Level
 Wereblood                Tmut           5%         N/A       17%         2
 Olgreb's Toxic Radiance  Pois           20%        N/A       22%         4
 Scorch                   Fire           2%         2d5       26%         2
 Sublimation of Blood     Necr           1%         N/A       26%         2
 Mephitic Cloud           Conj/Pois/Air  8%         N/A       26%         3
 Flame Wave               Conj/Fire      1%         2d4       86%         4
 Summon Cactus Giant      Summ           0%         N/A       100%        6
 Summon Hydra             Summ           0%         N/A       100%        7

Inventory:

Hand Weapons
 c - a +0 dagger (weapon) {short}
   (You found it on level 1 of the Dungeon)
 h - a +0 mace of holy wrath {mace}
   (You found it on level 1 of the Dungeon)
Scrolls
 d - a scroll of fear {unknown}
 f - 3 scrolls of identify {unknown}
 j - 2 scrolls of noise {unknown}
 k - 2 scrolls of enchant armour {unknown}
 n - a scroll of magic mapping {unknown}
Potions
 a - 3 potions of magic
 b - 2 potions of flight {unknown}
 e - a potion of heal wounds {unknown}
 g - 2 potions of brilliance {unknown}
 i - a potion of haste {unknown}
 l - 2 potions of attraction {unknown}
 m - a potion of mutation {unknown}
 o - a potion of invisibility {unknown}

Dungeon Overview and Level Annotations

Branches:
Dungeon (3/15) Zot: 15839

Altars:

Shops:
D:2 (

Annotations:
D:2 1 runed translucent door, Crazy Yiuf

#.[.........#
#....<......#
#.###..#...#. .
###.###.## ...
..###.......# .
....####..# ..o
#.## #h###.####
#)@......#
#...........#
#.##.##..##...#
# #. #..#
...... .. .##..
.##.. .....
....# . ##..##
##..# #.. ..


You could see a hound and an orc.


Message History

The ball python bites you. The ball python barely misses you.
The ball python closely misses you. The ball python grabs you.
The ball python constricts you.
HP[-3]
You take 3 damage, and now have 24/27 hp.
You barely miss the ball python. You grab the ball python.
You constrict the ball python. The ball python barely misses you.
The ball python constricts you.
HP[-1]
You take 1 damage, and now have 23/27 hp.
You hit the ball python.
You kill the ball python!
No target in view!
No target in view!
No target in view!
No target in view!
No target in view!
No target in view!
o - a black potion HP[+4]
Your hp is fully restored (27). 3 orcs come into view.
The orc shouts! x3; You hear a shout!
There are monsters nearby!
An orc comes into view. It is wielding a +0 short sword.
You hit the orc. Your grab misses the orc. The orc closely misses you.
A hound comes into view.
The hound barks!
You hit the orc but do no damage. Your grab misses the orc.
You barely miss the orc. You grab the orc. You constrict the orc.
The orc barely misses you.
You hit the orc but do no damage. You tentacle-slap the orc.
You squeeze the orc.
You kill the orc!
You hit the orc but do no damage. You grab the orc. You constrict the orc.
The orc hits you with a +0 club.
HP[-5]
You take 5 damage, and now have 22/27 hp.
You hit the orc but do no damage. You constrict the orc.
The orc hits you with a +0 short sword. The orc hits you with a +0 club.
HP[-5]
You take 5 damage, and now have 17/27 hp.
You hit the orc.
You kill the orc!
The orc hits you with a +0 short sword.
HP[-1]
You take 1 damage, and now have 16/27 hp.
You hit the orc but do no damage. You grab the orc.
You squeeze the orc, but do no damage. You constrict the orc.
The orc hits you with a +0 short sword.
HP[-1]
You take 1 damage, and now have 15/27 hp.
You hit the orc but do no damage. You constrict the orc.
The orc struggles to escape constriction.
You hit the orc but do no damage. You squeeze the orc. You constrict the orc.
The orc hits you but does no damage.
You hit the orc. You constrict the orc.
You kill the orc!
The hound barely misses you.
Your Poison Magic skill increases to level 5!
HP[+1]
You barely miss the hound. Your grab misses the hound.
The hound barely misses you.
You hit the hound. Your grab misses the hound. You squeeze the hound.
The hound bites you. The hound misses you.
HP[-2]
You take 2 damage, and now have 14/27 hp.
You barely miss the hound. Your grab misses the hound. The hound bites you.
* * * LOW HITPOINT WARNING * * *
You are too injured to fight recklessly!
HP[-2]
You take 2 damage, and now have 12/27 hp.
You are too injured to fight recklessly!
You are too injured to fight recklessly!
You are too injured to fight recklessly!
You are too injured to fight recklessly!
You are too injured to fight recklessly!
You are too injured to fight recklessly!
You are too injured to fight recklessly!
You are too injured to fight recklessly!
You are too injured to fight recklessly!
You are too injured to fight recklessly!
You are too injured to fight recklessly!
You are too injured to fight recklessly!
You are too injured to fight recklessly!
You are too injured to fight recklessly!
You are too injured to fight recklessly!
You hit the hound but do no damage. You grab the hound.
You squeeze the hound, but do no damage.
You constrict the hound, but do no damage.
The hound bites you.
* * * LOW HITPOINT WARNING * * *
The hound bites you.
* * * LOW HITPOINT WARNING * * *
HP[-11]
You take 11 damage, and now have 1/27 hp.
MASSIVE DAMAGE!! (PAUSE)
You hit the hound. You squeeze the hound. You constrict the hound.
The hound bites you.
You die...

Skill      XL: |  1  2  3  4 |
---------------+-------------+-----
Stealth        | 3 4 |  4.7
Poison Magic   | 4 5 |  5.0
Dodging        | |  2.0
Spellcasting   | |  2.0
Transmutations | |  1.0

Action                   |  1- 3 |  4- 6 || total
-------------------------+-------+-------++-------
Melee: Dagger            |    75 |    19 ||    94
       Constrict         |    18 |     5 ||    23
       Club              |     2 |       ||     2
       Tentacles         |    10 |     6 ||    16
       Punch             |     2 |     1 ||     3
 Cast: Sting             |    11 |       ||    11
 Stab: Sleeping          |    14 |       ||    14
Armor: Skin              |     3 |     1 ||     4
Dodge: Dodged            |    70 |     8 ||    78

Levels and vault maps discovered:
D:1:      dpeg_arrival_court, layout_rooms
D:2:      layout_rooms, shapermc_ecumenical_altar_acropolis, serial_shops,
          nicolae_shop_bloodbath_and_beyond, uniq_crazy_yiuf_cottage
D:3:      layout_rooms, ebering_ghost_rock_garden, hangedman_decor_growths,
          minmay_hedge_maze

Notes
Turn   | Place    | Note
-------+----------+-------------------------------------------
     0 | D:1      | zeratav the Octopode Venom Mage began the quest for the
                  | Orb.
     0 | D:1      | Reached XP level 1. HP: 11/11 MP: 3/3
     0 | D:1      | magus.rc [v1.9.6]
   118 | D:1      | You pick up a book of Blood and begin reading...
   118 | D:1      | You add the spells Sublimation of Blood, Wereblood and
                  | Summon Hydra to your library.
   135 | D:1      | Reached skill level 3 in Stealth
   266 | D:1      | Reached XP level 2. HP: 17/17 MP: 5/5
   274 | D:1      | Reached skill level 4 in Poison Magic
   844 | D:1      | Learned a level 2 spell: Poisonous Vapours
   868 | D:1      | Reached XP level 3. HP: 21/21 MP: 6/6
   878 | D:1      | Reached skill level 4 in Stealth
  1110 | D:1      | You pick up a book of Scorching and begin reading...
  1110 | D:1      | You add the spells Scorch, Flame Wave and Summon Cactus
                  | Giant to your library.
  1425 | D:2      | Found a runed translucent door.
  1426 | D:2      | Noticed Crazy Yiuf
  1630 | D:2      | Found a faded altar of an unknown god.
  1822 | D:2      | Found Uluseczo's Weapon Shoppe.
  1955 | D:2      | Reached XP level 4. HP: 27/27 MP: 7/7
  2156 | D:3      | Reached skill level 5 in Poison Magic
  2159 | D:3      | HP: 1/27 [hound (6)]
  2160 | D:3      | Slain by a hound

Vanquished Creatures
  2 adders (D:2)
  A dart slug (D:1)
  3 orcs (D:3)
  5 ball pythons
  5 endoplasms
  2 giant cockroaches
  3 goblins
  2 hobgoblins (D:1)
  2 jackals (D:1)
  10 kobolds
  A quokka (D:1)
  5 bats
  2 frilled lizards (D:1)
  3 rats (D:1)
46 creatures vanquished.

Vanquished Creatures (others)
  A plant (D:2)
1 creature vanquished.

Grand Total: 47 creatures vanquished

Table legend:
 A = Non-vault XP
 B = Vault XP
 C = Vault XP percentage of total XP
 D = Non-vault monster count
 E = Vault monster count
 F = Vault count percentage of total count
                 A         B        C        D         E       F
            +---------+---------+-------+---------+---------+-------
      Total |     102 |       0 |   0.0 |      46 |       0 |   0.0
            +---------+---------+-------+---------+---------+-------
        D:1 |      46 |       0 |   0.0 |      27 |       0 |   0.0
        D:2 |      46 |       0 |   0.0 |      15 |       0 |   0.0
        D:3 |      10 |       0 |   0.0 |       4 |       0 |   0.0
            +---------+---------+-------+---------+---------+-------

Illustrated notes

Table legend:
 A = Kills in this place as a percentage of kills in entire the game.
 B = Kills by you in this place as a percentage of kills by you in the entire game.
 C = Kills by friends in this place as a percentage of kills by friends in the entire game.
 D = Other kills in this place as a percentage of other kills in the entire game.
 E = Experience gained in this place as a percentage of experience gained in the entire game.
 F = Experience gained in this place divided by the number of levels of this place that you have seen.
                   A       B       C       D       E      F
               +-------+-------+-------+-------+-------+----------------------
         Total | 100.0 | 100.0 |   N/A |   N/A | 100.0 |  34.0
       Dungeon | 100.0 | 100.0 |   N/A |   N/A | 100.0 |  34.0
               +-------+-------+-------+-------+-------+----------------------

Table legend: (Time is in decaauts)
 A = Elapsed time spent in this place.
 B = Non-inter-level travel time spent in this place.
 C = Inter-level travel time spent in this place.
 D = Time resting spent in this place.
 E = Time spent auto-exploring this place.
 F = Levels seen in this place.
 G = Mean time per level.
                   A        B        C        D        E       F      G
               +--------+--------+--------+--------+--------+-----+--------+
         Total |   2159 |   2101 |     58 |    402 |   1399 |   3 |  719.7 |
       Dungeon |   2159 |   2101 |     58 |    402 |   1399 |   3 |  719.7 |
               +--------+--------+--------+--------+--------+-----+--------+

Top non-repeatable levels by time:
     D:1: 1409 daAuts
     D:2: 674 daAuts
     D:3: 74 daAuts
